Description

Mech is coming!

Replay - Miszu v RotterdaM - Frozen Temple

Build Order

Get SALT Encoding   

  12  0:00  SCV  
  13  0:13  SCV  
  14  0:19  Supply Depot  
  14  0:25  SCV  
  15  0:41  SCV  
  16  0:45  Barracks  
  16  0:48  Refinery  
  16  0:53  SCV  
  17  1:05  SCV  
  18  1:17  SCV  
  19  1:31  Orbital Command  
  19  1:33  Reaper  
  20  1:41  Command Center  
  20  1:52  Supply Depot  
  20  1:57  SCV  
  20  1:59  Refinery  
  21  2:06  Marine  
  22  2:09  SCV  
  22  2:13  Factory  
  23  2:22  SCV  
  24  2:39  SCV  
  24  2:41  Barracks Reactor  
  25  2:50  Factory  
  25  2:52  Supply Depot  
  25  2:54  SCV  
  25  2:56  Orbital Command  
  26  3:08  SCV  
  27  3:12  Factory  
  26  3:21  SCV x2  
  26  3:24  Hellion  
  26  3:25  Hellion  
  32  3:33  SCV x2  
  34  3:36  Barracks Reactor  
  34  3:38  Hellion  
  36  3:45  SCV  
  36  3:46  Hellion x2  
  38  3:59  SCV x2  
  38  4:00  Hellion  
  44  4:07  Hellion  
  44  4:09  Supply Depot  
  44  4:11  SCV  
  44  4:12  Hellion, SCV  
  48  4:23  SCV  
  51  4:29  Hellion  
  51  4:31  SCV  
  50  4:33  Hellion  
  50  4:36  Factory Tech Lab, Hellion x2  
  54  4:38  SCV  
  54  4:43  SCV  
  56  4:50  SCV, Hellion  
  56  4:52  Supply Depot  
  59  4:55  SCV, Hellion  
  62  5:01  Supply Depot  
  70  5:14  Hellion x3, SCV x2  
  70  5:15  Supply Depot  
  70  5:23  Hellion x2  
  70  5:26  SCV  
  70  5:28  Engineering Bay  
  75  5:29  SCV  
  78  5:36  Hellion  
  78  5:37  Hellion x2  
  78  5:38  SCV  
  78  5:39  Supply Depot  
  78  5:42  Supply Depot  
  81  5:52  Hellion x2  
  86  6:01  Hellion x3  
  87  6:13  Hellion  
  87  6:14  Hellion  
  85  6:22  Hellion x3  
  82  6:35  Hellion x2  
  80  6:42  SCV x2  
  80  6:44  Hellion x3  
  84  6:54  SCV x2  
  83  6:56  Hellion x2  
  78  7:05  Command Center, Hellion x2  
  76  7:11  Hellion  
  76  7:13  SCV  
  73  7:18  Armory, Hellion x2  
  75  7:27  SCV x2, Hellion  
  79  7:32  Siege Tank, Hellion  
  79  7:33  Armory  
  82  7:39  SCV x2  
  82  7:41  Supply Depot  
  82  7:42  Supply Depot  
  84  7:46  Hellion x2  
  84  7:50  Hellion  
  84  7:51  SCV x2  
  91  7:54  Hellion  
  94  7:59  Refinery  
  94  8:03  Refinery, SCV x2  
  94  8:04  Siege Tank  
  99  8:08  Supply Depot  
  99  8:15  Terran Vehicle Weapons Level 1, SCV x2  
  101  8:27  SCV  
  101  8:28  SCV  
  89  8:39  SCV  
  89  8:40  Hellion  
  89  8:41  Hellion x3  
  96  8:47  Siege Tank  
  96  8:48  Orbital Command, SCV  
  96  8:51  SCV  
  97  9:00  SCV  
  97  9:02  Hellion x4  
  102  9:03  SCV  
  102  9:04  Factory  
  102  9:05  Factory  
  101  9:12  SCV  
  101  9:15  SCV  
  92  9:19  Siege Tank  
  92  9:21  SCV  
  92  9:23  Hellion x2  
  99  9:24  SCV  
  99  9:25  Hellion x2  
  99  9:28  SCV  
  104  9:33  SCV  
  103  9:39  Infernal Pre-Igniter  
  103  9:45  Refinery  
  103  9:46  Hellion x2  
  103  9:47  Refinery  
  103  9:48  Hellion  
  103  9:51  Siege Tank  
  112  9:54  Factory Tech Lab  
  112  9:55  Factory Tech Lab  
  112  9:56  Hellion  
  112  9:58  SCV  
  112  9:59  SCV  
Spawning Tool Build Advisor. Get it on Overwolf

Go to:

Details

  • Created by: PeterLiu
  • Published on: Sep 06, 2016
  • Modified on: Sep 06, 2016
  • Patch: Pre-3.8.0
Show
View Real Time Build Order
Export as new Build Order

Comments (0)

There are no comments. Be the first!

Create an account to comment!